 Dungeon Crawl Stone Soup version 0.30-a0-824-g6c64550be9 (webtiles) character file.

Game seed: 11132719266213857791

4 demibob the Poker (level 1, -5/19 HPs)
             Began as a Draconian Chaos Knight on Feb 27, 2023.
             Was a Plaything of Xom.
             Slain by a komodo dragon (shapeshifter) (21 damage)
             ... on level 1 of the Dungeon.
             The game lasted 00:00:35 (426 turns).

demibob the Poker (Draconian Chaos Knight)           Turns: 426, Time: 00:00:36

Health: -5/19      AC:  4    Str: 13 (14) XL:     1   Next: 50%
Magic:  1/1        EV: 11    Int:  9 (12) God:    Xom [..*...]
Gold:   14         SH:  0    Dex:  7 (10) Spells: 0/0 levels left

rFire   . . .      SeeInvis .    a - +0 spear (chaos)
rCold   . . .      Faith    .    (no shield)
rNeg    . . .      Spirit   .    (body armour unavailable)
rPois   .          Reflect  .    (helmet restricted)
rElec   .          Harm     .    (no cloak)
rCorr   .          Rampage  .    (no gloves)
Will    .....                    (no boots)
Stlth   +                        (no amulet)
HPRegen 0.23/turn                (no ring)
MPRegen 0.07/turn                (no ring)

@: no status effects
A: AC +4, unfitting armour, cold-blooded
a: Renounce Religion


You were on level 1 of the Dungeon.
You worshipped Xom.
You were a toy of Xom.
You visited 1 branch of the dungeon, and saw 1 of its levels.

You collected 14 gold pieces.


Innate Abilities, Weirdness & Mutations

Your plain brown scales are hard. (AC +4)
You cannot fit into any form of body armour.
You are cold-blooded and may be slowed by cold attacks.


   Skills:
 - Level 3.2 Fighting
 + Level 3.3 Polearms
 - Level 2.1 Dodging


You couldn't memorise any spells.
You didn't know any spells.
Your spell library contained the following spells:

 Spells                   Type           Power      Damage    Failure   Level
 Shock                    Conj/Air       0%         1d3       38%         1
 Swiftness                Air            0%         N/A       77%         3
 Airstrike                Air            0%         2d(0-16)  99%         4

Inventory:

Hand Weapons
 a - a +0 spear of chaos (weapon)
Potions
 d - a potion of degeneration
Miscellaneous
 b - a piece from Xom's chessboard (15/15) (quivered)

Dungeon Overview and Level Annotations

Branches:
Dungeon (1/15)

Altars:

.........#
........[#
.........#
.......b.#
.........#
........>+
.....bl..#
.......@†#
########.#####.#
#.............#
#.#####.#########
#.............#
#.###.#######.######
#.# #.#............#
#.# #.#.####.#####.#
#.# #.#.# #.# #.#


You could see a komodo dragon shaped shifter (ally target).


Message History

The rat is severely wounded.
The rat closely misses you.
You hit the rat. You burn the rat.
You kill the rat!
You reach to attack!
You hit the dart slug. You burn the dart slug.
The dart slug is moderately wounded.
The dart slug launches a dart at you. The slug dart hits you.
A shower of butterflies erupts from you!
You reach to attack!
You hit the dart slug but do no damage.
The dart slug suddenly seems more agile.
The dart slug is moderately wounded.
You reach to attack!
You hit the dart slug but do no damage.
The dart slug changes into a shapeshifter!
Xom thinks this is hilarious!
The shapeshifter changes into a yak!
You could not reach far enough!
It was a potion of degeneration.
There was something very wrong with that liquid.
You feel weakened.
You feel dopey.
You feel clumsy.
The yak changes into a komodo dragon!
Okay, then.
As you read the scroll labelled AMOCKEDIAM, it crumbles to dust.
It is a scroll of identify.
You don't currently have any unidentified items.
The komodo dragon attacks as you move away!
The komodo dragon bites you!!
Ouch! That really hurt!
You die...
Xom cackles wildly!

Action                     || total
---------------------------++-------
  Melee: Spear             ||    18
         Tailslap          ||     2
    Use: Scroll            ||     1
         Potion            ||     1
 Armour: Skin              ||     3
  Dodge: Dodged            ||     2

Levels and vault maps discovered:
D:1:      minmay_arrival_nine_rooms, layout_basic, minmay_misc_feat_plants

Notes
Turn   | Place    | Note
-------+----------+-------------------------------------------
     0 | D:1      | demibob the Draconian Chaos Knight began the quest for the
                  | Orb.
     0 | D:1      | Reached XP level 1. HP: 19/19 MP: 1/1
   420 | D:1      | XOM: butterfly on damage
   422 | D:1      | a dart slug changed into a shapeshifter
   422 | D:1      | Noticed a shapeshifter (shapeshifter)
   422 | D:1      | a shapeshifter changed into a yak
   422 | D:1      | Noticed a yak (shapeshifter)
   424 | D:1      | a yak changed into a komodo dragon
   424 | D:1      | Noticed a komodo dragon (shapeshifter)
   426 | D:1      | Slain by a komodo dragon (shapeshifter)

Vanquished Creatures
  An endoplasm (D:1)
  A frilled lizard (D:1)
  2 kobolds (D:1)
  A rat (D:1)
5 creatures vanquished.

Table legend: (Time is in decaauts)
 A = Elapsed time spent in this place.
 B = Non-inter-level travel time spent in this place.
 C = Inter-level travel time spent in this place.
 D = Time resting spent in this place.
 E = Time spent auto-exploring this place.
 F = Levels seen in this place.
 G = Mean time per level.
                   A        B        C        D        E       F      G
               +--------+--------+--------+--------+--------+-----+--------+
         Total |    425 |    425 |      0 |      0 |    381 |   1 |  425.0 |
       Dungeon |    425 |    425 |      0 |      0 |    381 |   1 |  425.0 |
               +--------+--------+--------+--------+--------+-----+--------+

Top non-repeatable levels by time:
     D:1: 425 daAuts

Table legend:
 A = Non-vault XP
 B = Vault XP
 C = Vault XP percentage of total XP
 D = Non-vault monster count
 E = Vault monster count
 F = Vault count percentage of total count
                 A         B        C        D         E       F
            +---------+---------+-------+---------+---------+-------
      Total |       6 |       0 |   0.0 |       5 |       0 |   0.0
            +---------+---------+-------+---------+---------+-------
        D:1 |       6 |       0 |   0.0 |       5 |       0 |   0.0
            +---------+---------+-------+---------+---------+-------
